 Dungeon Crawl Stone Soup version 0.31-a0-237-g2d982f9f85 (webtiles) character file.

Game seed: 9993206964734513997

2348 qw the Skirmisher (level 9, -1/56 HPs)
             Began as a Gargoyle Hexslinger on July 10, 2023.
             Was a Follower of Okawaru.
             Slain by a yak (4 damage)
             ... on level 7 of the Dungeon.
             The game lasted 00:02:54 (5678 turns).

qw the Skirmisher (Gargoyle Hexslinger)             Turns: 5678, Time: 00:02:54

Health: -1/56      AC: 21    Str: 17    XL:     9   Next: 43%
Magic:  9/11       EV: 19    Int: 13    God:    Okawaru [*.....]
Gold:   171        SH:  0    Dex: 16    Spells: 9/10 levels left

rFire   + + +        Y - +3 sling
rCold   . . .        (no shield)
rNeg    + . .        d - +0 ring mail
rPois   inf          c - +1 hat of Qazlal's Envy {rPois rF+++ Int-2 Stlth+}
rElec   +            l - +2 cloak
rCorr   .            (no gloves)
SInv    .            j - +2 pair of boots
Will    .....        h - amulet of the acrobat
Stlth   +++          e - +6 ring of strength
HPRegen 0.29/turn    g - +5 ring of evasion
MPRegen 0.12/turn

%: acrobat
@: heroic
A: sickness immunity, AC +6, negative energy resistance 1, electricity
resistance, torment resistance 1, petrification resistance
a: Renounce Religion, Heroism


You were on level 7 of the Dungeon.
You worshipped Okawaru.
Okawaru was aware of your devotion.
You visited 2 branches of the dungeon, and saw 9 of its levels.

You collected 386 gold pieces.
You spent 215 gold pieces at shops.


Innate Abilities, Weirdness & Mutations

You are immune to sickness and miasma.
Your stone body is resilient. (AC +6)
You are immune to poison.
You resist negative energy. (rN+)
You are resistant to electric shocks. (rElec)
You are resistant to unholy torment.
You are immune to petrification.


   Skills:
 + Level 6.3(11.3) Fighting
 - Level 10.0(15.0) Ranged Weapons
 - Level 3.2(8.2) Armour
 - Level 2.1(7.1) Dodging
 - Level 1.0 Spellcasting
 - Level 2.6 Hexes
 + Level 3.0 Invocations


You had 9 spell levels left.
You knew the following spells:

 Your Spells              Type           Power      Damage    Failure   Level
a - Slow                  Hex            28%        N/A       16%         1

Your spell library contained the following spells:

 Spells                   Type           Power      Damage    Failure   Level
 Inner Flame              Hex/Fire       4%         N/A       63%         3
 Portal Projectile        Hex/Tloc       8%         N/A       63%         3
 Cause Fear               Hex            3%         N/A       83%         4

Inventory:

Hand Weapons
 Y - a +3 sling (weapon)
Armour
 c - the +1 hat of Qazlal's Envy (worn) {rPois rF+++ Int-2 Stlth+}
   (You found it on level 4 of the Dungeon)

   Int:       It affects your intelligence (-2).
   rF:        It renders you almost immune to fire.
   rPois:     It protects you from poison.
   Stlth:     It makes you more stealthy.
 d - a +0 ring mail (worn)
 j - a +2 pair of boots (worn)
 k - a +2 helmet of intelligence
 l - a +2 cloak (worn)
Jewellery
 e - a +6 ring of strength (left hand)
 g - a +5 ring of evasion (right hand)
 h - an amulet of the acrobat (around neck)
Wands
 o - a wand of digging (5)
Scrolls
 a - a scroll of identify
 n - a scroll of enchant armour
Potions
 b - a potion of curing
 f - 3 potions of might
 i - a potion of enlightenment
 m - a potion of haste {unknown}
 p - a potion of brilliance {unknown}

Dungeon Overview and Level Annotations

Branches:
Dungeon (8/15)             Temple (1/1) D:6
   Lair: D:8-11

Altars:
Ashenzari
Cheibriados
Dithmenos
Elyvilon
Fedhas
Gozag
Hepliaklqana
Kikubaaqudgha
Makhleb
Okawaru
Qazlal
Ru
Sif Muna
Trog
Uskayaw
Vehumet
Wu Jian
Xom
Zin
The Shining One

Shops:
D:5 [

Annotations:
D:4 4 runed translucent doors


Message History

The yak gores you. The yak gores you but does no damage. The yak misses you. x2
The yak barely misses you.
5673 ||| STAIRDANCE The yak closely misses you.
The yak gores you! The yak gores you but does no damage. The yak misses you.
The yak barely misses you.
You climb upwards.
There is a stone staircase leading down here.
Enter note:
Enter note:
Enter note:
Enter note:
Enter note:
Enter note:
Enter note:
Enter note:
Enter note:
Enter note:
Enter note:
Enter note:
Enter note:
Enter note:
Enter note: You shoot a sling bullet.
The sling bullet hits the yak!
The yak is moderately wounded.
The yak gores you! x2; The yak barely misses you.
The yak gores you! The yak barely misses you.
5676 ||| INVOKING Heroism.
You gain the combat prowess of a mighty hero.
The yak gores you but does no damage. x2; The yak closely misses you. x2
The yak barely misses you.
You shoot a sling bullet. The sling bullet hits the yak.
The yak is heavily wounded.
The yak barely misses you. The yak closely misses you.
The yak gores you but does no damage. The yak completely misses you.
The yak barely misses you.
You shoot a sling bullet. The sling bullet hits the yak!
The yak is severely wounded.
The yak gores you! The yak gores you.
You die...

##..###....#.........
#...###...........>..
#....###..........(..
##....##............#
##.)##.............#
####...#............##
##.##................##
#....YYY..............#
###....Y@##..............
#......Y.###.............
##........##.............
##........##.............
#........................
##.......................
##..#.............##....
##.....#......<...##....
#.................###...


You could see 5 yaks.

Vanquished Creatures
  Grinder (D:5)
  4 water moccasins
  A sky beast (D:6)
  2 ice beasts (D:7)
  A black bear (D:7)
  2 ogres
  2 phantoms
  2 kobold brigands
  A bullfrog (D:4)
  2 scorpions
  A howler monkey (D:5)
  A hound (D:6)
  A gnoll bouda (D:4)
  4 jellies
  4 orc priests
  2 iguanas
  3 orc wizards
  6 adders
  7 gnolls
  4 white imps
  4 dart slugs
  17 orcs
  11 endoplasms
  5 giant cockroaches
  6 goblins
  8 hobgoblins
  10 jackals
  3 quokkas
  6 ball pythons
  3 bats
  A frilled lizard (D:1)
  16 kobolds
  4 rats
145 creatures vanquished.

Vanquished Creatures (collateral kills)
  A worm (D:4)
1 creature vanquished.

Grand Total: 146 creatures vanquished

Notes
Turn   | Place    | Note
-------+----------+-------------------------------------------
     0 | D:1      | qw the Gargoyle Hexslinger began the quest for the Orb.
     0 | D:1      | Reached XP level 1. HP: 12/12 MP: 2/2
     0 | D:1      | 0 ||| qw: Version: 0.3-a-52-g30416fa
     0 | D:1      | 0 ||| qw: Game counter: 5160
     0 | D:1      | 0 ||| qw: Melee chars always use a shield: true
     0 | D:1      | 0 ||| qw: God list: Okawaru
     0 | D:1      | 0 ||| qw: Allow faded altars: false
     0 | D:1      | 0 ||| qw: Do Orc after clearing Dungeon:15 true
     0 | D:1      | 0 ||| qw: Do second Lair branch before Depths: true
     0 | D:1      | 0 ||| qw: Lair rune preference: random
     0 | D:1      | 0 ||| qw: Goals: Normal
     0 | D:1      | 0 ||| PLANNING D:1-11
    93 | D:1      | HP: 3/12 [jackal (3)]
    94 | D:1      | HP: 1/12 [jackal (2)]
    96 | D:1      | Reached XP level 2. HP: 2/16 MP: 3/3
   290 | D:1      | Reached skill level 3 in Ranged Weapons
   669 | D:1      | Reached XP level 3. HP: 17/21 MP: 4/4
   788 | D:1      | 788 ||| UPGRADING to +0 ring mail.
   798 | D:1      | 798 ||| DROPPING +0 robe.
   799 | D:1      | 799 ||| UPGRADING to +0 helmet.
   804 | D:1      | 804 ||| UPGRADING to +2 pair of boots.
   809 | D:1      | 809 ||| UPGRADING to +6 ring of strength.
   810 | D:1      | 810 ||| READING 3 scrolls labelled ZERIOC LODGHEHE.
   811 | D:1      | 811 ||| READING scroll labelled LUQ AMMU BUU.
   812 | D:1      | 812 ||| READING scroll labelled TORATO SESKUO.
   813 | D:1      | 813 ||| READING scroll labelled ZEGEUPT WIPIG.
   830 | D:1      | 830 ||| READING 2 scrolls of identify.
   830 | D:1      | 830 ||| IDENTIFYING white potion
   831 | D:1      | 831 ||| DROPPING scroll of poison.
   832 | D:1      | 832 ||| DROPPING potion of ambrosia.
   861 | D:2      | 861 ||| STAIRDANCE
   929 | D:2      | Reached skill level 1 in Armour
  1108 | D:2      | Reached XP level 4. HP: 10/26 MP: 5/5
  1236 | D:2      | Found a faded altar of an unknown god.
  1242 | D:2      | 1242 ||| Stepping ~*~*~tactically~*~*~ (water).
  1493 | D:2      | 1493 ||| DROPPING +1 pair of boots.
  1494 | D:2      | 1494 ||| DRINKING 2 sapphire potions.
  1495 | D:2      | 1495 ||| READING 2 scrolls of identify.
  1495 | D:2      | 1495 ||| IDENTIFYING clear potion
  1496 | D:2      | 1496 ||| DROPPING potion of attraction.
  1639 | D:3      | Reached skill level 4 in Ranged Weapons
  1690 | D:3      | Found a glowing golden altar of the Shining One.
  1872 | D:3      | 1872 ||| READING scroll of enchant armour.
  1872 | D:3      | 1872 ||| ENCHANTING +0 helmet.
  1919 | D:3      | You fall into a shaft and drop 1 floor!
  1926 | D:4      | Found a large runed translucent door.
  1928 | D:4      | Found a large runed translucent door.
  1938 | D:4      | Noticed a two-headed ogre
  1947 | D:4      | Found a large runed translucent door.
  1947 | D:4      | Found a large runed translucent door.
  1949 | D:4      | Noticed a phantom
  1950 | D:4      | 1950 ||| UPGRADING to +5 ring of evasion.
  1951 | D:4      | 1951 ||| READING scroll labelled VURAREOK WOASY.
  1952 | D:4      | 1952 ||| READING scroll labelled RANKIP HIAMAXU.
  1953 | D:4      | 1953 ||| READING scroll labelled WOEFOPSOCA.
  1977 | D:4      | Killed a phantom
  1978 | D:4      | Reached skill level 5 in Ranged Weapons
  1978 | D:4      | Reached XP level 5. HP: 28/30 MP: 6/6
  2036 | D:4      | Noticed a kobold brigand
  2054 | D:4      | Killed a kobold brigand
  2055 | D:4      | Reached skill level 3 in Fighting
  2055 | D:4      | Reached XP level 6. HP: 21/38 MP: 7/7
  2125 | D:4      | Identified the +1 hat of Qazlal's Envy {rPois rF+++ Int-2
                  | Stlth+}
  2266 | D:4      | Reached skill level 6 in Ranged Weapons
  2347 | D:4      | Reached XP level 7. HP: 30/43 MP: 8/8
  2442 | D:4      | 2442 ||| UPGRADING to +1 hat of Qazlal's Envy {rPois rF+++
                  | Int-2 Stlth+}.
  2452 | D:4      | 2452 ||| READING scroll labelled NAATECECEXT.
  2453 | D:4      | 2453 ||| READING 4 scrolls labelled ZUROSHRACEIH.
  2454 | D:4      | 2454 ||| READING 2 scrolls labelled WYMNUA BAUR.
  2455 | D:4      | 2455 ||| READING 4 scrolls of identify.
  2455 | D:4      | 2455 ||| IDENTIFYING puce potion
  2456 | D:4      | 2456 ||| READING 3 scrolls of identify.
  2456 | D:4      | 2456 ||| IDENTIFYING fizzy green potion
  2457 | D:4      | 2457 ||| DROPPING potion of degeneration.
  2458 | D:4      | 2458 ||| DROPPING 3 scrolls of fear.
  2459 | D:4      | 2459 ||| DROPPING scroll of immolation.
  2739 | D:3      | 2739 ||| READING 2 scrolls of identify.
  2739 | D:3      | 2739 ||| IDENTIFYING cyan potion
  2926 | D:4      | Reached skill level 7 in Ranged Weapons
  3259 | D:4      | 3259 ||| READING scroll labelled UMOJEMAPLOI.
  3270 | D:5      | Entered Level 5 of the Dungeon
  3302 | D:5      | Noticed Grinder
  3307 | D:5      | Paralysed by Grinder for 4 turns
  3312 | D:5      | Paralysed by Grinder for 3 turns
  3319 | D:5      | Paralysed by Grinder for 5 turns
  3333 | D:5      | Killed Grinder
  3334 | D:5      | Reached skill level 8 in Ranged Weapons
  3373 | D:5      | Reached XP level 8. HP: 48/48 MP: 9/9
  3575 | D:5      | Found Hingoula's Armour Shop.
  3579 | D:5      | 3579 ||| SHOPLISTING +1 pair of boots "Dyqelib" {rC++} (340
                  | gold, have 267).
  3579 | D:5      | 3579 ||| BUYING +2 helmet of intelligence (215 gold).
  3579 | D:5      | Bought a +2 helmet of intelligence for 215 gold pieces
  4012 | D:5      | 4012 ||| DROPPING +1 helmet.
  4013 | D:5      | 4013 ||| UPGRADING to +2 cloak.
  4018 | D:5      | 4018 ||| DROPPING ring of resist corrosion.
  4146 | D:6      | Found a staircase to the Ecumenical Temple.
  4147 | D:6      | 4147 ||| PLANNING TEMPLE
  4155 | Temple   | Entered the Ecumenical Temple
  4156 | Temple   | 4156 ||| PLANNING OKAWARU WORSHIP
  4161 | Temple   | Became a worshipper of Warmaster Okawaru
  4162 | Temple   | 4162 ||| PLANNING D:1-11
  4260 | D:6      | Reached skill level 9 in Ranged Weapons
  4303 | D:6      | Reached * piety under Okawaru
  4309 | D:6      | Reached skill level 1 in Invocations
  4322 | D:6      | 4322 ||| INVOKING Heroism.
  4483 | D:6      | Reached skill level 6 in Fighting
  5004 | D:6      | Found a hazy altar of Hepliaklqana.
  5007 | D:6      | 5007 ||| UPGRADING to amulet of the acrobat.
  5072 | D:7      | Reached XP level 9. HP: 55/55 MP: 10/10
  5090 | D:7      | 5090 ||| STAIRDANCE
  5213 | D:7      | Found an ornate altar of the Wu Jian Council.
  5250 | D:7      | 5250 ||| INVOKING Heroism.
  5259 | D:7      | Reached skill level 10 in Ranged Weapons
  5271 | D:7      | Reached skill level 3 in Armour
  5368 | D:7      | 5368 ||| INVOKING Heroism.
  5408 | D:7      | Reached skill level 3 in Invocations
  5428 | D:7      | 5428 ||| READING scroll of enchant weapon.
  5428 | D:7      | 5428 ||| ENCHANTING +2 sling.
  5673 | D:8      | 5673 ||| STAIRDANCE
  5675 | D:7      | HP: 11/56 [yak (12)]
  5676 | D:7      | 5676 ||| INVOKING Heroism.
  5678 | D:7      | HP: 3/56 [yak (9)]
  5678 | D:7      | Slain by a yak

Levels and vault maps discovered:
D:1:      shiori_shiawase, layout_basic
D:2:      layout_loops_ring, shapermc_ecumenical_altar_mp_ritualfount
D:3:      layout_loops_ring, amcnicky_altar_gilded
D:4:      layout_gridville, minmay_hollow_rounded_squares
D:5:      layout_basic, serial_shops, nicolae_diamond_shop, st_stairs_13,
          feat_on_display, uniq_grinder
D:6:      layout_basic, nicolae_hepliaklqana_hippocampus, temple_fountains
D:7:      layout_cave_pools, nzn_wu_jian_contemplation
D:8:      minmay_cornered_nines, layout_basic, uniq_erica, uniq_psyche
Temple:   sentei_temple_godly_chess

Skill      XL: |  1  2  3  4  5  6  7  8  9 |
---------------+----------------------------+-----
Ranged Weapons | 3 5 6 8 9 10 | 10.0
Fighting       | 2 3 4 6 |  6.3
Armour         | 1 2 3 |  3.2
Dodging        | 2 |  2.1
Invocations    | 1 3 |  3.0
Spellcasting   | |  1.0
Hexes          | |  2.6

Action                     |  1- 3 |  4- 6 |  7- 9 || total
---------------------------+-------+-------+-------++-------
   Fire: Sling             |   119 |   212 |   424 ||   755
 Invoke: Heroism           |       |       |     4 ||     4
    Use: Scroll            |     5 |     5 |     8 ||    18
         Potion            |       |     1 |       ||     1
 Armour: Robe              |    19 |       |       ||    19
         Ring mail         |    21 |    86 |   128 ||   235
  Dodge: Dodged            |    58 |   132 |   298 ||   488

Table legend:
 A = Non-vault XP
 B = Vault XP
 C = Vault XP percentage of total XP
 D = Non-vault monster count
 E = Vault monster count
 F = Vault count percentage of total count
                 A         B        C        D         E       F
            +---------+---------+-------+---------+---------+-------
      Total |    2869 |     486 |  14.5 |     136 |      10 |   6.8
            +---------+---------+-------+---------+---------+-------
        D:1 |      48 |       0 |   0.0 |      20 |       0 |   0.0
        D:2 |      40 |       0 |   0.0 |      18 |       0 |   0.0
        D:3 |      71 |       0 |   0.0 |      23 |       0 |   0.0
        D:4 |     558 |     214 |  27.7 |      26 |       8 |  23.5
        D:5 |     288 |     272 |  48.6 |       8 |       2 |  20.0
        D:6 |    1015 |       0 |   0.0 |      24 |       0 |   0.0
        D:7 |     849 |       0 |   0.0 |      17 |       0 |   0.0
            +---------+---------+-------+---------+---------+-------
